 Dungeon Crawl Stone Soup version 0.30-a0-1116-gebefce21f7 (webtiles) character file.

Game seed: 6560024147720203350

109 cforsyth the Shield-Bearer (level 4, -10/34 (35) HPs)
             Began as a Demigod Wanderer on Apr 21, 2023.
             Killed by nerve-wracking pain
             ... invoked by an orc priest
              (11 damage)
             ... on level 2 of the Dungeon.
             The game lasted 00:03:27 (2596 turns).

cforsyth the Shield-Bearer (Demigod Wanderer)       Turns: 2596, Time: 00:03:27

HP:   -10/34 (35)   AC:  9    Str: 11    XL:     4   Next: 35%
MP:   4/10          EV: 10    Int: 20    God:
Gold: 160           SH:  5    Dex: 13    Spells: 7/8 levels left

rFire   . . .      SeeInvis .    n - +2 dagger (protect)
rCold   . . .      Faith    .    d - +0 buckler
rNeg    . . .      Spirit   .    c - +0 robe
rPois   .          Reflect  .    (no helmet)
rElec   .          Rampage  .    (no cloak)
rCorr   .                        (no gloves)
Will    .....                    (no boots)
Stlth   +                        (no amulet)
HPRegen 0.25/turn                (no ring)
MPRegen 0.12/turn                (no ring)

@: under a protective aura, lightly drained
A: high MP 1, forlorn, divine attributes
a: no special abilities


You were on level 2 of the Dungeon.
You visited 1 branch of the dungeon, and saw 3 of its levels.

You collected 160 gold pieces.

Inventory:

Hand Weapons
 a - a +0 dagger
 n - a +2 dagger of protection (weapon)
Armour
 c - a +0 robe (worn)
 d - a +0 buckler (worn)
Jewellery
 h - a ring of ice
Scrolls
 b - 2 scrolls of blinking
 f - 3 scrolls of enchant weapon {unknown}
 g - a scroll of fog {unknown}
 i - a scroll of identify {unknown}
 j - a scroll of teleportation {unknown}
 l - a scroll of noise {unknown}
 o - a scroll of amnesia {unknown}
Potions
 e - a potion of cancellation {unknown}
 k - a potion of mutation {unknown}
 m - 2 potions of magic {unknown}


   Skills:
 + Level 1.4 Fighting
 - Level 3.7 Shields
 - Level 2.6 Spellcasting
 + Level 3.2 Conjurations
 + Level 1.5 Air Magic
 - Level 1.0 Poison Magic


You had 7 spell levels left.
You knew the following spells:

 Your Spells              Type           Power      Damage    Failure   Level
a - Shock                 Conj/Air       48%        1d6       8%          1

Your spell library contained the following spells:

 Spells                   Type           Power      Damage    Failure   Level
 Foxfire                  Conj/Fire      36%        2x1d5     10%         1
 Static Discharge         Conj/Air       24%        2-3/arc   11%         2
 Poisonous Vapours        Pois/Air       14%        N/A       17%         2
 Cigotuvi's Dreadful Rot  Necr/Pois/Air  12%        N/A       21%         2
 Mephitic Cloud           Conj/Pois/Air  10%        N/A       26%         3
 Vhi's Electric Charge    Tloc/Air       10%        N/A       38%         3
 Arcjolt                  Conj/Air       6%         1d16      90%         5
 Fireball                 Conj/Fire      4%         3d4       95%         5
 Plasma Beam              Fire/Air       2%         2x1d14    100%        6
 Starburst                Conj/Fire      4%         6d4       100%        6


Dungeon Overview and Level Annotations

Branches:
Dungeon (3/15)


Innate Abilities, Weirdness & Mutations

You have an increased reservoir of magic. (+10% MP)
You shall have no god before yourself.
Your divine heritage dramatically boosts your attributes as you level up.


Message History

The orc priest is lightly wounded.
The orc wizard points at you and mumbles some strange words.
You are confused.
You bump into the rock wall.
The orc hits you with a +2 whip of draining.
You feel drained.
You're too confused to move!
The orc completely misses you.
You barely miss the orc.
The orc is lightly wounded.
The orc wizard casts a spell.
The orc wizard flickers and vanishes!
Deactivating autopickup; reactivate with Ctrl-A.
The orc priest mumbles some strange prayers to Beogh against you.
Beogh smites you! The orc closely misses you.
You closely miss the orc.
You feel less confused. The orc priest barely misses you.
You block the orc's attack. Something hits you.
Something hits you but does no damage.
The orc priest attacks as you move away!
The orc priest hits you with a +0 hand axe!
* * * LOW HITPOINT WARNING * * *
There is a stone staircase leading up here.
You block the orc priest's attack.
You climb upwards.
Reactivating autopickup.
There is a stone staircase leading down here.
You barely miss the orc priest.
The orc priest hits you with a +0 hand axe.
* * * LOW HITPOINT WARNING * * *
You hit the orc priest but do no damage.
Your weapon exudes an aura of protection.
The orc priest hits you but does no damage.
You hit the orc priest but do no damage.
The orc priest hits you with a +0 hand axe.
* * * LOW HITPOINT WARNING * * *
You closely miss the orc priest.
The orc priest invokes the aid of Beogh against you.
Pain shoots through your body!
You die...

....# #.# #########
#.# ###.....# #.###
..#.....#####.#<##
#.......##.......##
###.....##.##.....##
#
#.....##.#....>..##
#
########..........#
# #.#...o@..## #
#........## #
#####...## # ##.## #
### #.#
###########.###.#
...........#....#
###########.#####
###


You could see an orc priest.

Vanquished Creatures
  Jessica (D:3)
  3 adders
  2 worms (D:2)
  A dart slug (D:3)
  2 orcs (D:3)
  3 bats
  5 endoplasms
  A giant cockroach (D:1)
  A goblin (D:1)
  7 hobgoblins
  4 kobolds
  2 quokkas
  4 ball pythons
  2 frilled lizards
  7 rats
45 creatures vanquished.

Notes
Turn   | Place    | Note
-------+----------+-------------------------------------------
     0 | D:1      | cforsyth the Demigod Wanderer began the quest for the Orb.
     0 | D:1      | cforsyth set off with the following items: a +0 dagger, a
                  | scroll of blinking, a +0 robe, a +0 buckler; and the
                  | following spell memorised: Shock; and the following spells
                  | available to memorise: Static Discharge, Poisonous Vapours,
                  | Cigotuvi's Dreadful Rot, Mephitic Cloud.
     0 | D:1      | Reached XP level 1. HP: 14/14 MP: 6/6
   338 | D:1      | Reached XP level 2. HP: 2/20 MP: 1/8
  1239 | D:2      | Reached XP level 3. HP: 26/26 MP: 4/9
  1909 | D:2      | Reached skill level 1 in Air Magic
  2048 | D:3      | Reached skill level 1 in Fighting
  2244 | D:3      | Noticed Jessica
  2250 | D:3      | Killed Jessica
  2251 | D:3      | Reached XP level 4. HP: 22/35 MP: 2/10
  2595 | D:2      | HP: 1/34 [orc priest/+0 hand axe (5)]
  2596 | D:2      | Killed from afar by an orc priest

Illustrated notes

Levels and vault maps discovered:
D:1:      matt_arrival_refuge, layout_loops_ring, minmay_pentomino_r2
D:2:      layout_loops_cross
D:3:      cheibrodos_pilgrimage, layout_basic, uniq_jessica

Skill      XL: |  1  2  3 |
---------------+----------+-----
Shields        | 3 |  3.7
Conjurations   | 3 |  3.2
Air Magic      | 1 |  1.5
Fighting       | 1 |  1.4
Spellcasting   | |  2.6
Poison Magic   | |  1.0

Action                     |  1- 3 |  4- 6 || total
---------------------------+-------+-------++-------
  Melee: Dagger            |    40 |     6 ||    46
   Cast: Shock             |    98 |    15 ||   113
 Armour: Robe              |    11 |     2 ||    13
  Dodge: Dodged            |    25 |     5 ||    30
  Block: Buckler           |    13 |     3 ||    16

Table legend: (Time is in decaauts)
 A = Elapsed time spent in this place.
 B = Non-inter-level travel time spent in this place.
 C = Inter-level travel time spent in this place.
 D = Time resting spent in this place.
 E = Time spent auto-exploring this place.
 F = Levels seen in this place.
 G = Mean time per level.
                   A        B        C        D        E       F      G
               +--------+--------+--------+--------+--------+-----+--------+
         Total |   2597 |   2517 |     80 |      0 |   2173 |   3 |  865.7 |
       Dungeon |   2597 |   2517 |     80 |      0 |   2173 |   3 |  865.7 |
               +--------+--------+--------+--------+--------+-----+--------+

Top non-repeatable levels by time:
     D:1: 1042 daAuts
     D:2: 1006 daAuts
     D:3: 548 daAuts
